cohdb
Replays
Latest Replays
All Replays
Popular Replays
Top Player Replays
Match Explorer
How It Works
Community
CoH3 Stats
Reddit
Sign in to upload your games and track your stats! →
Sign in with Steam
Match 41310156
Unlisted
Match 41310156
Overview
Messages
Build Orders
End
Construct Infanterie Kompanie
MG 42 Machine Gun Team
Grenadier Squad
GrW 34 Mortar Team
Medical Bunker
MG 42 Machine Gun Team
Construct Luftwaffe Kompanie
Flak 30 Anti-aircraft Gun Team
Jäger Squad
Pioneer Squad
Selects Mechanized Battlegroup
Support Elements
Selects Raid Package
Marder III M Tank Destroyer
MG 42 Bunker
Selects 8 Rad Armored Car
8 Rad Armored Car
Wirbelwind Flakpanzer
Selects Spotting Scopes
MG 42 Bunker
Pioneer Squad
Selects Wespe Self-propelled Artillery
Wespe Self-propelled Artillery
Medical Bunker
Construct Panzer Kompanie
Panzer IV Medium Tank
Selects Mechanized Assault
Stoßtruppen Squad
Mechanized Assault
FrustrateHead แฟนคลับลุงพล
『👑MayMaya23💕』
Dickson
Nong Job
【POW】游骑
我真的不是驴
THE one-冰封夕阳
TacticalVanguard
0
0
Comments
sign in to comment!
No comments posted yet!